 Dungeon Crawl Stone Soup version 0.31-a0-700-gf13585253f (webtiles) character file.

Game seed: 15074120042283452165

220 qw the Shooter (level 5, 0/32 HPs)
             Began as a Gargoyle Hunter on Sept 7, 2023.
             Slain by Pikel
             ... wielding a +1 whip of flaming
              (9 damage)
             ... on level 4 of the Dungeon.
             The game lasted 00:01:05 (2469 turns).

qw the Shooter (Gargoyle Hunter)                    Turns: 2469, Time: 00:01:06

Health: 0/32       AC:  9    Str: 14    XL:     5   Next: 97%
Magic:  5/5        EV: 11    Int: 10    God:
Gold:   163        SH:  0    Dex: 15    Spells: 4/4 levels left

rFire   . . .        Y - +0 shortbow
rCold   . . .        (shield currently unavailable)
rNeg    + + .        c - +0 leather armour
rPois   inf          (no helmet)
rElec   +            (no cloak)
rCorr   .            (no gloves)
SInv    +            g - +1 pair of boots {rampage}
Will    .....        (no amulet)
Stlth   ++           f - ring of positive energy
HPRegen 0.25/turn    i - ring of see invisible
MPRegen 0.09/turn

%: rampage
@: no status effects
A: sickness immunity, AC +4, negative energy resistance 1, electricity
resistance, torment resistance 1, petrification resistance
a: no special abilities


You were on level 4 of the Dungeon.
You visited 1 branch of the dungeon, and saw 4 of its levels.

You collected 163 gold pieces.


Innate Abilities, Weirdness & Mutations

You are immune to sickness and miasma.
Your stone body is resilient. (AC +4)
You are immune to poison.
You resist negative energy. (rN+)
You are resistant to electric shocks. (rElec)
You are resistant to unholy torment.
You are immune to petrification.


   Skills:
 + Level 3.0 Fighting
 - Level 6.1 Ranged Weapons
 - Level 2.5 Armour
 - Level 1.5 Dodging
 - Level 1.1 Stealth


You had 4 spell levels left.
You didn't know any spells.
Your spell library was empty.

Inventory:

Hand Weapons
 Y - a +0 shortbow (weapon)
Armour
 c - a +0 leather armour (worn)
 g - a +1 pair of boots of rampaging (worn)
Jewellery
 f - a ring of positive energy (left hand)
 i - a ring of see invisible (right hand)
Scrolls
 a - a scroll of teleportation
 e - 7 scrolls of identify
Potions
 b - a potion of haste
 d - a potion of curing {unknown}

Dungeon Overview and Level Annotations

Branches:
Dungeon (4/15)
 Temple: D:4-7

Altars:

Shops:
D:3 :

Annotations:
D:3 3 runed translucent doors, qw's ghost, weakling GrHu
D:4 Pikel


Message History

The lemure hits you.
You shoot an arrow. The arrow hits the lemure!
The lemure is moderately wounded.
Enter note:
Enter note:
Enter note:
2462 |||
Found retreat position at -3,3 (floor) with 0 blocking monsters and 1 monsters attacking at destination at distance 4
2462 ||| Stepping ~*~*~tactically~*~*~ (retreating).
The lemure attacks as it pursues you! The lemure hits you!
Enter note:
Enter note:
Enter note:
2463 |||
Found retreat position at -2,2 (floor) with 0 blocking monsters and 1 monsters attacking at destination at distance 3
2463 ||| Stepping ~*~*~tactically~*~*~ (retreating).
The lemure hits you but does no damage.
Enter note:
Enter note:
Enter note:
2464 |||
Found retreat position at -2,1 (floor) with 0 blocking monsters and 1 monsters attacking at destination at distance 2
2464 ||| Stepping ~*~*~tactically~*~*~ (retreating).
Enter note:
Enter note:
Enter note:
2465 |||
Found retreat position at -1,0 (floor) with 0 blocking monsters and 1 monsters attacking at destination at distance 1
2465 ||| Stepping ~*~*~tactically~*~*~ (retreating).
You shoot an arrow. The arrow closely misses the lemure.
The arrow hits the lemure but does no damage.
The lemure barely misses you.
You shoot an arrow. The arrow hits Pikel.
Pikel is lightly wounded.
You shoot an arrow. The arrow hits Pikel.
Pikel is moderately wounded.
Pikel hits you with a +1 whip of flaming.
Pikel burns you.
You shoot an arrow.
The arrow hits Pikel but does no damage.
Pikel is moderately wounded.
Pikel hits you with a +1 whip of flaming!
You die...
Pikel says, "Another soul for the market."

.........#..#....+...#...#....#
......K..+..##..##...#...#....#
......5..#..##..##...'...'....#
........#..##.5K.5..##..#....#
#.....#......####5##..#....#
#..(..'..5...##.K.##..#....#
#.....#..##..##....#..#....#
#.....#..######55..#..#....#
#.....#......@K5...#..#....#
#.%...#......###+######>...#
#.....#..###)#.......
#.....#..#..)........
#.....#..#...........
####.....#..#...........
.........#..'...........
.........##'#....#######
.........#..#....#


You could see Pikel and 3 lemures.

Vanquished Creatures
  A lemure (D:4)
  2 scorpions (D:4)
  2 adders
  A gnoll (D:1)
  A dart slug (D:4)
  An orc (D:3)
  9 ball pythons
  4 bats
  4 endoplasms
  9 goblins
  7 hobgoblins
  6 jackals
  3 quokkas
  7 frilled lizards
  4 kobolds
  6 rats
67 creatures vanquished.

Notes
Turn   | Place    | Note
-------+----------+-------------------------------------------
     0 | D:1      | qw the Gargoyle Hunter began the quest for the Orb.
     0 | D:1      | Reached XP level 1. HP: 12/12 MP: 1/1
     0 | D:1      | 0 ||| qw: Version: 0.3-a-76-g4403597
     0 | D:1      | 0 ||| qw: Game counter: 708
     0 | D:1      | 0 ||| qw: Melee chars always use a shield: true
     0 | D:1      | 0 ||| qw: God list: Okawaru
     0 | D:1      | 0 ||| qw: Allow faded altars: false
     0 | D:1      | 0 ||| qw: Do Orc after clearing Dungeon:15 true
     0 | D:1      | 0 ||| qw: Do second Lair branch before Depths: true
     0 | D:1      | 0 ||| qw: Lair rune preference: random
     0 | D:1      | 0 ||| qw: Goals: Normal
     0 | D:1      | 0 ||| PLANNING D:1-11
   103 | D:1      | Reached XP level 2. HP: 14/17 MP: 2/2
   400 | D:1      | 400 ||| RETREATING.
   402 | D:1      | 402 ||| RETREATING.
   410 | D:1      | Reached XP level 3. HP: 14/21 MP: 3/3
   483 | D:1      | Reached skill level 5 in Ranged Weapons
   769 | D:1      | 769 ||| READING scroll labelled LINAIM JOPSA.
   770 | D:1      | 770 ||| READING scroll labelled ZURUWA VOLOXT.
   771 | D:1      | 771 ||| DROPPING scroll of butterflies.
  1022 | D:2      | Reached skill level 3 in Fighting
  1178 | D:2      | 1178 ||| FLEEEEING.
  1180 | D:2      | 1180 ||| FLEEEEING.
  1181 | D:2      | 1181 ||| FLEEEEING.
  1182 | D:2      | 1182 ||| FLEEEEING.
  1184 | D:2      | 1184 ||| FLEEEEING.
  1185 | D:2      | 1185 ||| FLEEEEING.
  1200 | D:2      | Reached XP level 4. HP: 28/28 MP: 4/4
  1608 | D:2      | 1608 ||| UPGRADING to +0 pair of boots.
  1613 | D:2      | 1613 ||| READING scroll labelled HONTIT SOZAICK.
  1617 | D:2      | 1617 ||| READING scroll labelled SUSISU YR WAPA.
  1618 | D:2      | 1618 ||| READING 5 scrolls labelled ZYIWITH AFIENN.
  1619 | D:2      | 1619 ||| DRINKING 2 fuming inky potions.
  1620 | D:2      | 1620 ||| DROPPING potion of brilliance.
  1696 | D:3      | Found Zokhag's Book Boutique.
  1863 | D:3      | Found a faded altar of an unknown god.
  1912 | D:3      | Found a runed translucent gate.
  1914 | D:3      | Noticed qw's ghost (weakling GrHu)
  1916 | D:3      | Noticed a kobold brigand
  1918 | D:3      | Found a runed translucent gate.
  1918 | D:3      | Found a runed translucent gate.
  1957 | D:3      | 1957 ||| UPGRADING to +1 pair of boots of rampaging.
  1967 | D:3      | 1967 ||| DROPPING +0 pair of boots.
  1968 | D:3      | 1968 ||| UPGRADING to ring of positive energy.
  1969 | D:3      | 1969 ||| UPGRADING to ring of see invisible.
  1970 | D:3      | 1970 ||| READING scroll labelled LUTREM ADUSONAVU.
  1971 | D:3      | 1971 ||| READING scroll labelled WAENEA MOEMAZ.
  1972 | D:3      | 1972 ||| DRINKING 2 lumpy silvery potions.
  1991 | D:4      | 1991 ||| PLANNING SEWER
  2006 | D:4      | Noticed a scorpion
  2022 | D:4      | Killed a scorpion
  2023 | D:4      | Reached skill level 6 in Ranged Weapons
  2023 | D:4      | Reached XP level 5. HP: 15/32 MP: 5/5
  2369 | D:4      | Noticed a lemure
  2389 | D:4      | Killed a lemure
  2441 | D:4      | Noticed a lemure
  2441 | D:4      | Noticed Pikel
  2442 | D:4      | 2442 ||| RETREATING.
  2442 | D:4      | Noticed a lemure
  2442 | D:4      | Noticed a lemure
  2444 | D:4      | 2444 ||| Stepping ~*~*~tactically~*~*~ (retreating).
  2445 | D:4      | 2445 ||| Stepping ~*~*~tactically~*~*~ (retreating).
  2446 | D:4      | 2446 ||| Stepping ~*~*~tactically~*~*~ (retreating).
  2447 | D:4      | 2447 ||| Stepping ~*~*~tactically~*~*~ (retreating).
  2448 | D:4      | 2448 ||| Stepping ~*~*~tactically~*~*~ (retreating).
  2449 | D:4      | 2449 ||| Stepping ~*~*~tactically~*~*~ (retreating).
  2450 | D:4      | 2450 ||| Stepping ~*~*~tactically~*~*~ (retreating).
  2451 | D:4      | 2451 ||| Stepping ~*~*~tactically~*~*~ (retreating).
  2452 | D:4      | 2452 ||| Stepping ~*~*~tactically~*~*~ (retreating).
  2454 | D:4      | 2454 ||| FLEEEEING.
  2459 | D:4      | 2459 ||| Stepping ~*~*~tactically~*~*~ (retreating).
  2462 | D:4      | 2462 ||| Stepping ~*~*~tactically~*~*~ (retreating).
  2463 | D:4      | 2463 ||| Stepping ~*~*~tactically~*~*~ (retreating).
  2464 | D:4      | 2464 ||| Stepping ~*~*~tactically~*~*~ (retreating).
  2465 | D:4      | 2465 ||| Stepping ~*~*~tactically~*~*~ (retreating).
  2469 | D:4      | Slain by Pikel

Levels and vault maps discovered:
D:1:      lemuel_arrival_cross, layout_basic, minmay_surrounded
D:2:      layout_basic
D:3:      cheibrodos_old_hovel, layout_rooms,
          ebering_ecumenical_altar_petrified, serial_shops, shop,
          gammafunk_ghost_nasty_kobolds
D:4:      layout_gridville, palyth_temple_overflow_mages,
          mainiacjoe_overflow_cross_hatched, cheibrodos_sewer_entry_bend,
          uniq_pikel

Skill      XL: |  1  2  3  4  5 |
---------------+----------------+-----
Ranged Weapons | 5 6 |  6.1
Fighting       | 3 |  3.0
Armour         | 2 |  2.5
Dodging        | |  1.5
Stealth        | |  1.1

Action                     |  1- 3 |  4- 6 || total
---------------------------+-------+-------++-------
   Fire: Shortbow          |   112 |   125 ||   237
    Use: Scroll            |     2 |     5 ||     7
         Potion            |       |     2 ||     2
 Armour: Leather armour    |    30 |    64 ||    94
  Dodge: Dodged            |    36 |    39 ||    75

Table legend:
 A = Non-vault XP
 B = Vault XP
 C = Vault XP percentage of total XP
 D = Non-vault monster count
 E = Vault monster count
 F = Vault count percentage of total count
                 A         B        C        D         E       F
            +---------+---------+-------+---------+---------+-------
      Total |     309 |       6 |   1.9 |      62 |       4 |   6.1
            +---------+---------+-------+---------+---------+-------
        D:1 |      50 |       4 |   7.4 |      22 |       3 |  12.0
        D:2 |      44 |       0 |   0.0 |      19 |       0 |   0.0
        D:3 |      33 |       2 |   5.7 |      13 |       1 |   7.1
        D:4 |     182 |       0 |   0.0 |       8 |       0 |   0.0
            +---------+---------+-------+---------+---------+-------
